[Event "*** Titled Tuesday Blitz"]
[Site "Chess.com"]
[Date "2021.03.09"]
[Round "8"]
[White "Arvids_Andrejevs"]
[Black "MatyChess1"]
[Result "0-1"]
[WhiteElo "2423"]
[BlackElo "2586"]
[TimeControl "180+1"]
[EndTime "11:32:34 PST"]
[Termination "MatyChess1 won by checkmate"]

1. e4 c5 2. c3 Nf6 3. e5 Nd5 4. Nf3 Nc6 5. d4 cxd4 6. cxd4 d6 7. exd6 Bg4 8. dxe7 Qxe7+ 9. Be2 Bxf3 10. gxf3 Qh4 11. Nc3 Bb4 12. Qb3 Rd8 13. Bd2 O-O 14. Nxd5 Bxd2+ 15. Kxd2 Qxd4+ 16. Ke1 Rxd5 17. Rd1 Qb4+ 18. Qxb4 Rxd1+ 19.
Kxd1 Nxb4 20. a3 Nc6 21. Kd2 Nd4 22. Bd1 Rd8 23. Kc3 g6 24. Re1 Nc6 25. Bb3 Rd7 26. Bc4 Rc7 27. b4 Kg7 28. Rd1 Ne5 29. Rd4 b5 30. a4 Nxc4 31. axb5 Nd6+ 32. Kd3 Nxb5 33.
Rd5 a6 34. Rc5 Rd7+ 35. Kc4 Rd6 36. Rc8 Rf6 37. Ra8 h5 38. Kc5 Nc3 39. Rb8 Ne2 40.
Rb6 Rxf3 41. Rxa6 Rxf2 42. b5 Rf5+ 43. Kc4 Rf4+ 44. Kc5 Nc3 45. b6 Ne4+ 46. Kc6 Rf6+ 47. Kd5 Nc3+ 48. Kc4 Na4 49. b7 Rxa6 50. b8=Q Rc6+ 51.
Kb5 Rb6+ 52. Qxb6 Nxb6 53. Kxb6 Kf6 54. Kc5 Kg5 55. Kd4 Kh4 56. Ke3 Kh3 57. Kf2 Kxh2 58.
Kf3 Kh3 59. Kf2 Kg4 60. Kg1 h4 61. Kh1 g5 62. Kh2 f5 63. Kh1 Kh3 64. Kg1 f4 65. Kh1 g4 66. Kg1 g3 67. Kh1 f3 68. Kg1 f2+ 69.
Kh1 g2# 0-1

[Event "*** Titled Tuesday Blitz"]
[Site "Chess.com"]
[Date "2021.03.09"]
[Round "8"]
[White "Gabrielian_Artur"]
[Black "Nf3c5"]
[Result "1-0"]
[WhiteElo "2812"]
[BlackElo "2625"]
[TimeControl "180+1"]
[EndTime "11:32:35 PST"]
[Termination "Gabrielian_Artur won on time"]

1. c4 c5 2. g3 g6 3. Bg2 Bg7 4. Nc3 Nc6 5. e4 h5 6. h3 h4 7. g4 d6 8. Nge2 Nd4 9. d3 e5 10. Nxd4 cxd4 11. Nd5 Be6 12. Qa4+ Kf8 13. f4 Bxd5 14.
exd5 exf4 15. Bxf4 Qe7+ 16. Kd2 Be5 17. Bxe5 Qxe5 18.
Rae1 Qg3 19. Re2 Nf6 20. Rf1 Kg7 21. Rf3 Qh2 22. Ref2 Nh7 23. Rxf7+ Kh6 24. g5+ Nxg5 25. R7f4 Qg3 26. Qd7 Rhf8 27. Qxd6 Rad8 28. Qxf8+ Rxf8 29. Rxf8 Qe3+ 30. Kc2 b5 31. cxb5 Qe7 32. R8f4 Qc5+ 33. Kb1 Qxb5 34. Rxh4+ Kg7 35. Rxd4 Qa5 36. Re2 Qb6 37.
Rc4 Qg1+ 38. Rc1 Qd4 39. Rec2 Nf7 40. a3 Nd6 41. Ka2 Nf5 42. Rc7+ Kh6 43. Be4 Ne3 44. R7c6 Nxd5 45. Rxg6+ Kh5 46. Rgc6 Nf4 47. R6c4 Qe3 48. Rc5+ Kh4 49. R1c4 Kg3 50. Rg5+ Kf2 51. Rf5 Ke1 52. Rc2 Ne2 53. Rf3 Qd4 54. h4 Qh8 55. Rh3 Qg8+ 56.
Ka1 Nd4 57. Rh1+ 1-0

[Event "*** Titled Tuesday Blitz"]
[Site "Chess.com"]
[Date "2021.03.09"]
[Round "8"]
[White "PetrolulSah"]
[Black "tlomigtlis"]
[Result "0-1"]
[WhiteElo "2214"]
[BlackElo "2586"]
[TimeControl "180+1"]
[EndTime "11:32:35 PST"]
[Termination "tlomigtlis won on time"]

1. d4 Nf6 2. c4 g6 3. Nc3 d5 4. cxd5 Nxd5 5. e4 Nxc3 6. bxc3 Bg7 7. Bc4 c5 8. Ne2 Nc6 9. Be3 O-O 10. O-O cxd4 11.
cxd4 Na5 12. Bd3 b6 13. Rc1 Bb7 14. d5 Qd7 15. Bd4 Bxd4 16. Nxd4 e6 17. Bb5 Qd6 18. Nc6 exd5 19. exd5 a6 20. Nxa5 bxa5 21. Bc6 Rab8 22. Qa4 Bxc6 23. dxc6 Rb6 24. Rfd1 Qc7 25. Rd7 Qc8 26.
c7 Re8 27. h4 Rb5 28. Qd4 Rb8 29. Rd1 Ra8 30. Rd8 Qxc7 31. Rd7 Qc6 32. h5 gxh5 33. Qf4 Qg6 34. R7d5 Re4 35. Qd2 Rg4 36. f3 Rg3 37.
Kh2 h4 38. Rg1 h3 39. Rd6 Rxg2+ 40. Rxg2 Qxg2+ 41. Qxg2+ hxg2 42. Kxg2 Rb8 43. Rxa6 Rb2+ 44. Kg3 Rxa2 45. Kf4 Kg7 46. Kf5 a4 47. f4 a3 48. Kg5 Ra1 49. Kf5 a2 50. Ra3 h5 51.
Rg3+ Kh6 52. Ra3 h4 53. Ra6+ Kg7 54. Ra3 h3 55. Rg3+ Kf8 56. Ra3 h2 57. Kf6 Re1 58. Rxa2 h1=Q 59. Ra8+ Qxa8 0-1

[Event "*** Titled Tuesday Blitz"]
[Site "Chess.com"]
[Date "2021.03.09"]
[Round "8"]
[White "NarminSoyunlu"]
[Black "Chamal_Gedgafov"]
[Result "1/2-1/2"]
[WhiteElo "2058"]
[BlackElo "2236"]
[TimeControl "180+1"]
[EndTime "11:32:35 PST"]
[Termination "Game drawn - insufficient material"]

1. g3 d5 2. Bg2 c6 3. c4 Be6 4.
cxd5 Bxd5 5. e4 Be6 6. d4 Nf6 7. Nc3 g6 8. Nge2 Bg7 9. O-O O-O 10.
h3 Na6 11. d5 cxd5 12. exd5 Bd7 13. d6 exd6 14. Bxb7 Rb8 15. Bxa6 Bxh3 16. Nf4 Bxf1 17. Bxf1 Qb6 18. Ncd5 Nxd5 19. Nxd5 Qa5 20. Ne7+ Kh8 21. Nc6 Qb6 22. Nxb8 Rxb8 23. Rb1 Be5 24. Qf3 Kg8 25. Bc4 Qc7 26. b3 a5 27. Bb2 a4 28. Bxe5 dxe5 29.
Rd1 axb3 30. Bxb3 Kg7 31. Qd5 Re8 32. Qd7 Re7 33. Qxc7 Rxc7 34. a4 f5 35. a5 Rc3 36.
Rd7+ Kf6 37. Rb7 Rc1+ 38. Kg2 Ra1 39. Rb6+ Kg5 40. a6 e4 41. Bc4 Ra4 42. Bb5 Ra2 43. Kf1 Kg4 44. Be2+ Kg5 45. Rb7 h6 46. a7 h5 47. Bc4 Ra4 48. Bb3 Ra3 49. Bd5 h4 50. gxh4+ Kg4 51. Rg7 Kf3 52. Ke1 Ra1+ 53. Kd2 Kxf2 54.
a8=Q e3+ 55. Kc2 Rxa8 56. Bxa8 e2 57. Re7 e1=Q 58. Rxe1 Kxe1 59. Kd3 Kf2 60. Kd4 Kg3 61. Ke5 Kxh4 62. Kf4 g5+ 63. Kxf5 g4 64. Kf4 g3 65.
Bg2 Kh5 66. Kxg3 1/2-1/2

[Event "*** Titled Tuesday Blitz"]
[Site "Chess.com"]
[Date "2021.03.09"]
[Round "8"]
[White "J36225"]
[Black "ChampStan"]
[Result "1-0"]
[WhiteElo "2490"]
[BlackElo "2040"]
[TimeControl "180+1"]
[EndTime "11:32:36 PST"]
[Termination "J36225 won on time"]

1. e4 e5 2. Nf3 Nc6 3. Bb5 a6 4. Ba4 Nf6 5. O-O b5 6. Bb3 Bb7 7. d3 Bc5 8. Nc3 d6 9. a3 Ba7 10. h3 h6 11. Be3 O-O 12. Nd5 Nxd5 13. Bxd5 Qc8 14. Qd2 Bxe3 15. fxe3 Ne7 16. Bxb7 Qxb7 17. Nh4 d5 18. exd5 Qxd5 19. Qf2 Rad8 20. e4 Qd4 21. Qxd4 Rxd4 22. Nf3 Nc6 23. Nxd4 Nxd4 24. Rf2 Rd8 25. Rd1 c5 26. b4 cxb4 27. axb4 Rc8 28. Ra1 Rc6 29.
Ra2 f6 30. Kh2 Kf7 31. Rf1 Kg6 32. Rc1 Nb3 33. Rb1 Nd4 34. Rba1 Rxc2 35. Rxc2 Nxc2 36.
Rxa6 Nxb4 37. Ra3 Nc2 38. Rb3 Nd4 39. Rc3 b4 40. Rc4 b3 41. Rb4 Kg5 42. Kg3 Ne2+ 43.
Kf2 Nd4 44. g3 g6 45. Rb7 f5 46. Rb6 Kh5 47. exf5 gxf5 48. Rd6 Kg5 49. Rd7 Kh5 50.
Rb7 Kg5 51. Ke3 1-0

[Event "*** Titled Tuesday Blitz"]
[Site "Chess.com"]
[Date "2021.03.09"]
[Round "8"]
[White "VladimirBugayev"]
[Black "pfalcon1949"]
[Result "0-1"]
[WhiteElo "2253"]
[BlackElo "2069"]
[TimeControl "180+1"]
[EndTime "11:32:37 PST"]
[Termination "pfalcon1949 won on time"]

1. e4 c5 2. Nc3 Nc6 3. Bb5 g6 4. Bxc6 dxc6 5. f4 Qc7 6. d3 Bg7 7. Nf3 Bg4 8. O-O e6 9. Be3 b6 10. h3 Bxf3 11. Qxf3 Ne7 12. Rae1 O-O 13. Nd1 f5 14. b3 Rad8 15. Nf2 Bd4 16. g3 Rd7 17. Kg2 Rfd8 18. c3 Bxe3 19. Rxe3 b5 20. c4 b4 21.
Rfe1 a5 22. g4 Rf8 23. exf5 exf5 24. Qe2 Rf7 25. Re5 Kg7 26. Qe3 fxg4 27. hxg4 Qd6 28. Re2 Qd4 29. Qxd4 cxd4 30. Kg3 g5 31. f5 Nc8 32.
Rxa5 Nd6 33. Ne4 Nxe4+ 34. Rxe4 Rfe7 35. Rae5 Rf7 36. Re6 c5 37. Rc6 Ra7 38. Rxc5 Rxa2 39. Rxd4 Rb2 40. Rb5 Rxb3 41. c5 Rc7 42. Rbxb4 Rxb4 43.
Rxb4 Rxc5 44. Rb7+ Kf6 45. Rxh7 Rc3 46. Rh6+ Kg7 47.
Rd6 Kf7 48. Kf3 Rc1 49. Rg6 Rf1+ 50. Ke2 Rg1 51. Rxg5 Rg2+ 52. Kf3 Rc2 53. Ke3 Rc1 54. Rg6 Rd1 55. Kd4 Rd2 56. Ke4 Re2+ 57. Kd5 Re3 58.
d4 Rd3 59. Ke5 Rd1 60. d5 Rd2 61. Kd6 Rd4 62. Kc5 Rd1 63. d6 Ke8 64. Re6+ Kd7 65. Re7+ Kd8 66. Ra7 Rc1+ 0-1

[Event "*** Titled Tuesday Blitz"]
[Site "Chess.com"]
[Date "2021.03.09"]
[Round "8"]
[White "Mihnea2017"]
[Black "FlySooHigh"]
[Result "1-0"]
[WhiteElo "2505"]
[BlackElo "2660"]
[TimeControl "180+1"]
[EndTime "11:32:38 PST"]
[Termination "Mihnea2017 won by resignation"]

1. e4 c5 2. Nf3 d6 3. d4 cxd4 4. Nxd4 Nf6 5. Nc3 g6 6. Be3 Bg7 7. f3 O-O 8. Qd2 Nc6 9. O-O-O d5 10. Kb1 Nxd4 11. e5 Nf5 12. exf6 Bxf6 13. Nxd5 Qxd5 14.
Qxd5 Nxe3 15. Qd2 Nxd1 16. Qxd1 Be6 17. Bb5 Rfd8 18. Qe2 Rd6 19. Ba4 Rad8 20. Bb3 Bxb3 21. axb3 Rd2 22. Qe4 b6 23. g3 Rf2 24. h4 h6 25. h5 g5 26. f4 Rdd2 27. Rc1 Kg7 28. Qb7 Rg2 29. Qxa7 Rxg3 30. fxg5 Bxg5 31. Qxb6 Rd6 32.
Qf2 Rh3 33. Rf1 Rf6 34. Qd4 Rxh5 35. Rxf6 Bxf6 36. Qe4 Re5 37. Qf4 h5 38. b4 h4 39.
Ka2 Rh5 40. Qg4+ Kh6 41. Qh3 Kh7 42. Kb3 Rh6 43. b5 Rg6 44. Qf5 Kg7 45. b6 Bxb2 46. Kxb2 Rxb6+ 47. Kc3 Rh6 48. Qh3 f5 49. Qxf5 h3 50.
Qe5+ Kf7 51. Qh2 e5 52. Qxe5 h2 53. Qd5+ Kg7 54. Qh1 Rh3+ 55. Kb4 Rh4+ 56. c4 Kf6 57.
Kb5 Ke7 58. c5 Kd8 59. Qd5+ Kc7 60. Qe5+ Kc8 61. Qf5+ Kb7 62. Qd7+ Ka8 63. Qd8+ Ka7 64. Qxh4 1-0

[Event "*** Titled Tuesday Blitz"]
[Site "Chess.com"]
[Date "2021.03.09"]
[Round "8"]
[White "SerGo055"]
[Black "jens1102"]
[Result "1-0"]
[WhiteElo "2599"]
[BlackElo "2439"]
[TimeControl "180+1"]
[EndTime "11:32:39 PST"]
[Termination "SerGo055 won by checkmate"]

1. d4 Nf6 2. Nf3 e6 3. c4 b6 4. Nc3 Bb7 5. Bg5 Be7 6. e3 O-O 7. Bd3 c5 8. O-O d5 9. dxc5 bxc5 10. cxd5 exd5 11. Rc1 Nbd7 12. Bf5 h6 13. Bh4 Re8 14. Qa4 Nb6 15. Qa5 Nc4 16. Qxd8 Raxd8 17. b3 Nd6 18. Bd3 Nde4 19. Bb5 Rf8 20. Nxe4 dxe4 21. Ne5 Rd2 22.
a4 Rfd8 23. Bc6 Ba6 24. Rfe1 Rb2 25. Bxe4 Nxe4 26. Bxe7 Re8 27. Nc6 Bb7 28. Bxc5 Bxc6 29. Bd4 Rxf2 30. Rxc6 Rd2 31. Bxa7 Nf6 32. Bd4 Ng4 33.
Rf1 Rb8 34. h3 Nf6 35. Bxf6 gxf6 36. Rcxf6 Rxb3 37. Rxf7 Rxe3 38. Rf8+ Kg7 39. R8f7+ Kg8 40. R7f3 Ree2 41. Rg3+ Kh7 42. Rf7+ Kh8 43. Rf6 Kh7 44. Kh2 Ra2 45. Ra6 Re4 46. Ra7+ Kh8 47. a5 Re5 48. Rg6 h5 49. a6 Rb5 50. Rb7 Rba5 51.
Rc6 Rg5 52. Rc8+ Rg8 53. Rxg8+ Kxg8 54. a7 Ra3 55. Rb8+ Kg7 56. a8=Q Rxa8 57. Rxa8 h4 58. Ra5 Kg6 59. Ra4 Kh6 60. Rg4 Kh5 61. Kg1 Kh6 62. Kf2 Kh5 63. Kf3 Kh6 64. Kf4 Kh5 65. Kf5 Kh6 66. Kf6 Kh7 67. Kf7 Kh8 68. Rxh4# 1-0

[Event "*** Titled Tuesday Blitz"]
[Site "Chess.com"]
[Date "2021.03.09"]
[Round "8"]
[White "anasta10"]
[Black "Mrlammy"]
[Result "0-1"]
[WhiteElo "2446"]
[BlackElo "2321"]
[TimeControl "180+1"]
[EndTime "11:32:39 PST"]
[Termination "Mrlammy won by checkmate"]

1. d4 Nf6 2. c4 e5 3. dxe5 Ng4 4. Nh3 Nxe5 5. Nc3 Nbc6 6. Nf4 Bc5 7. e3 O-O 8. Be2 d6 9. O-O Bf5 10. b3 Nb4 11.
Bb2 Qg5 12. Ncd5 Nxd5 13. Nxd5 Be4 14. Nf4 Ng6 15. g3 Nxf4 16. exf4 Qh6 17. Bf3 Rfe8 18.
Bxe4 Rxe4 19. Qd5 Rae8 20. Qxb7 g5 21. fxg5 Qxg5 22. Rad1 h5 23. Qd5 Qg4 24. Qd2 Qg6 25. Qc3 R8e5 26. Qf3 Re6 27. Rd5 h4 28. Rh5 Bd4 29.
Bxd4 Rxd4 30. Kh1 Qe4 31. Qxe4 Rexe4 32. Ra5 h3 33. Rh5 Re2 34. Rxh3 Rxa2 35. Rh5 Rdd2 36.
Kg2 Rab2 37. Rb5 c6 38. Rb7 d5 39. cxd5 cxd5 40. h4 Rd3 41. b4 Rdb3 42. Rxa7 Rxb4 43. Rd7 d4 44. Rd1 Rb6 45. R7xd4 Rf6 46. Rf1 Kg7 47. Rg4+ Kf8 48. Re4 Rb3 49. Re3 Rb2 50. Rf3 Rg6 51. Rd1 Rb5 52. Rd4 Kg7 53. Rdf4 f6 54. Rd4 Rb7 55. Rd6 Rh6 56. Kh3 Rf7 57. Rf5 Rh8 58. Kg4 Re8 59. Rfd5 Re4+ 60. f4 Re3 61. Rd7 f5+ 62.
Kh3 Rxd7 63. Rxd7+ Kg6 64. Rd6+ Kg7 65. h5 Re1 66. Kh4 Rg1 67. Rg6+ Kh7 68. Rg5 Rh1# 0-1

[Event "*** Titled Tuesday Blitz"]
[Site "Chess.com"]
[Date "2021.03.09"]
[Round "8"]
[White "kekic76"]
[Black "atbenina64"]
[Result "1/2-1/2"]
[WhiteElo "2363"]
[BlackElo "2511"]
[TimeControl "180+1"]
[EndTime "11:32:41 PST"]
[Termination "Game drawn by repetition"]

1. e4 c6 2. d4 d5 3. Nc3 dxe4 4.
Nxe4 Nf6 5. Nxf6+ exf6 6. h3 Bd6 7. Nf3 O-O 8. Be2 Re8 9. O-O Nd7 10. Bd3 Nf8 11.
Re1 Be6 12. Be3 Qd7 13. c3 Ng6 14. Bf1 Bd5 15. Nd2 f5 16. Nf3 f4 17. Bd2 Rxe1 18.
Bxe1 Re8 19. Bd2 Be4 20. Bc4 h6 21. a4 a5 22. Be1 Qf5 23. Be2 Nf8 24. Rc1 g5 25. Nd2 Bd5 26. Bg4 Qd3 27. Nf3 Qxd1 28. Rxd1 Ng6 29. Bd2 Bb3 30. Ra1 Re2 31. Bc8 Bd5 32.
Rd1 Bxf3 33. gxf3 Nh4 34. Kf1 Re7 35. Re1 Nxf3 36. Rxe7 Bxe7 37. Ke2 Nxd2 38. Kxd2 b6 39. Bb7 c5 40. Kd3 f5 41. f3 Kf7 42. Bc8 Kf6 43.
Kc4 h5 44. Kb5 cxd4 45. cxd4 Bd8 46. Kc6 g4 47. fxg4 fxg4 48. hxg4 h4 49. Kd7 Be7 50.
Bb7 Bb4 51. Bf3 h3 52. d5 h2 53. Kc6 Bc5 54. d6 Ke6 55. d7 Ke7 56. b3 Kd8 57. Bg2 Be7 58. Bf3 Bc5 59. Bg2 Bd4 60.
Bf3 Bc5 1/2-1/2

[Event "*** Titled Tuesday Blitz"]
[Site "Chess.com"]
[Date "2021.03.09"]
[Round "8"]
[White "Loy_Konstantin"]
[Black "suneebaker"]
[Result "1-0"]
[WhiteElo "2362"]
[BlackElo "2217"]
[TimeControl "180+1"]
[EndTime "11:32:41 PST"]
[Termination "Loy_Konstantin won by resignation"]

1. e4 e5 2. Nf3 Nc6 3. d4 exd4 4. Nxd4 Qh4 5. Nc3 Bb4 6. Be2 d6 7. O-O Nf6 8. Nxc6 bxc6 9. Qd3 O-O 10. Be3 Bxc3 11.
Qxc3 c5 12. f3 Be6 13. b3 Rfe8 14. Qd2 h6 15. Bf2 Qg5 16. Qxg5 hxg5 17. h3 Nh5 18. Be3 Ng3 19. Rfe1 Nxe2+ 20. Rxe2 f6 21. Rd1 a5 22. Kf2 a4 23. Red2 axb3 24. axb3 Ra2 25. Ke2 Rea8 26. Kd3 R8a3 27. Kc3 Kf7 28. Rb1 Ke7 29. Rb2 Ra1 30.
Re2 Rd1 31. Rd2 Re1 32. Bf2 Rf1 33. Be3 c4 34. Kb4 cxb3 35. Kxa3 c5 36. cxb3 Ra1+ 37. Ra2 Re1 38. Bf2 Rb1 39. Rdb2 Rc1 40. Ka4 Kf7 41. Kb5 c4 42. Ra7+ Kg6 43. bxc4 Bxc4+ 44.
Kb4 Bf1 45. Rd2 Bxg2 46. Rxd6 Rc2 47. Bc5 Bxf3 48. Rdd7 Bxe4 49. Rxg7+ Kf5 50. Rgf7 Rb2+ 51. Kc3 Rc2+ 52. Kd4 Rd2+ 53. Ke3 Rd3+ 54. Ke2 Rxh3 55. Bd4 Kg4 56. Rxf6 Bf3+ 57. Ke3 Bg2+ 58. Kd2 Be4 59. Be3 Rh2+ 60. Kc3 Rc2+ 61. Kd4 Bf5 62. Ra5 Bh7 63. Rxg5+ 1-0

[Event "*** Titled Tuesday Blitz"]
[Site "Chess.com"]
[Date "2021.03.09"]
[Round "8"]
[White "Barbix1"]
[Black "Mazanchenko_Dmitry"]
[Result "1-0"]
[WhiteElo "2425"]
[BlackElo "2160"]
[TimeControl "180+1"]
[EndTime "11:32:43 PST"]
[Termination "Barbix1 won by resignation"]

1. d4 g6 2. e4 Bg7 3. Nf3 d6 4. Nc3 c6 5. a4 Nd7 6. Be2 Ngf6 7. O-O e5 8. a5 O-O 9. dxe5 dxe5 10.
Qd6 Re8 11. a6 Qe7 12. axb7 Bxb7 13. Qxe7 Rxe7 14. Be3 Nb6 15. Ba6 Bxa6 16. Rxa6 Nc4 17. Bc5 Rc7 18. b3 Nd7 19. Bb4 Ncb6 20. Rfa1 Rb7 21.
Bd6 f6 22. Na4 Kf7 23. Nc5 Nxc5 24. Bxc5 Nc8 25. Rxc6 Ke8 26. Rca6 Kd7 27. Nd2 f5 28. f3 Rc7 29. b4 Ne7 30. Nc4 Nc6 31. c3 Bf8 32.
Bxf8 Rxf8 33. Ne3 Ne7 34. Rxa7 Rc8 35. Rxc7+ Rxc7 36. c4 f4 37. Ng4 Ke6 38. Ra6+ Rc6 39. Rxc6+ Nxc6 40. b5 Na5 41. c5 Nb7 42. c6 Nc5 43. c7 Kd7 44. b6 Na4 45. Nxe5+ Kc8 46. Nc4 Kb7 47. e5 Nc5 48. g3 Ne6 49. gxf4 Nxf4 50.
Nd6+ Kxb6 51. c8=Q Ne2+ 52. Kf2 Nd4 53. Qc4 Nc6 54.
Qxc6+ Kxc6 55. Ke3 Kd5 56. f4 g5 57. Nf7 gxf4+ 58. Kxf4 Ke6 59. Ng5+ Ke7 60. Nxh7 Kf7 61. Nf6 Kg7 62. h4 Kf7 63. h5 Kg7 64. Kf5 Kf7 65.
e6+ Ke7 66. h6 Kf8 67. h7 Ke7 68. h8=Q Kd6 1-0

[Event "*** Titled Tuesday Blitz"]
[Site "Chess.com"]
[Date "2021.03.09"]
[Round "8"]
[White "ChrisTool2"]
[Black "atwalcb"]
[Result "0-1"]
[WhiteElo "2354"]
[BlackElo "2541"]
[TimeControl "180+1"]
[EndTime "11:32:44 PST"]
[Termination "atwalcb won by resignation"]

1. d4 d6 2. c4 e5 3. g3 exd4 4. Qxd4 Nc6 5. Qd2 g6 6. Bg2 Bg7 7. Nf3 Nf6 8. Nc3 O-O 9. O-O Be6 10. b3 Ne4 11. Nxe4 Bxa1 12. Bb2 Bxb2 13. Qxb2 f6 14. Rd1 Qe7 15. Qc3 Bf5 16. Nfd2 Ne5 17. Qd4 Bd7 18. Qd5+ Kg7 19. Qxb7 Bc6 20. Qb4 f5 21. Nc3 Rfb8 22.
Qa5 Bxg2 23. Kxg2 c6 24. Nf3 Nxf3 25. exf3 Re8 26. Qa6 Qc7 27. b4 Rab8 28. b5 Rec8 29. Qa3 cxb5 30. Nxb5 Qc5 31. Qc3+ Qe5 32. Rxd6 Qxc3 33.
Rd7+ Kf6 34. Nxc3 Rxc4 35. Ne2 g5 36. Rxa7 Rb2 37. Ra6+ Ke7 38. Ng1 Rcc2 39. Nh3 g4 40. fxg4 fxg4 41. Ra7+ Kd8 42. Nf4 Rxf2+ 43. Kg1 Rfc2 44.
Ra8+ Kc7 45. Nd5+ Kb7 46. Rf8 Rg2+ 47. Kf1 Rxh2 48. Rf7+ Kc6 49. Kg1 Kxd5 50. Rd7+ Kc6 51. Rf7 Rxa2 52. Rf6+ Kd5 53. Rf4 Ke6 54. Rxg4 Rhe2 55.
Kf1 Rec2 56. Re4+ Kd5 57. Re1 Rcb2 58. Rd1+ Kc4 59. Re1 Ra3 60. Rc1+ Rc3 61. Re1 Rbc2 62. Re4+ Kd3 63. Rh4 Rd2 64. Rd4+ Kxd4 65. Ke1 Kd3 0-1

[Event "*** Titled Tuesday Blitz"]
[Site "Chess.com"]
[Date "2021.03.09"]
[Round "8"]
[White "Konavets"]
[Black "dretch"]
[Result "1/2-1/2"]
[WhiteElo "2928"]
[BlackElo "2855"]
[TimeControl "180+1"]
[EndTime "11:32:45 PST"]
[Termination "Game drawn - insufficient material"]

1. e4 e6 2. d4 d5 3. Nc3 Nf6 4.
e5 Nfd7 5. Nce2 c5 6. f4 Nc6 7. Nf3 Be7 8. Ng3 cxd4 9. Bd3 Nc5 10. O-O Qc7 11. f5 Nxd3 12. cxd3 exf5 13. Nh5 Rg8 14. Bd2 Be6 15. Rc1 Qb6 16. Bg5 Bxg5 17. Nxg5 h6 18.
Nf3 O-O-O 19. b4 Kb8 20. a3 Rc8 21. Rc5 a5 22. Qa4 axb4 23. Rfc1 Qa7 24. Qxa7+ Kxa7 25. axb4 Nxb4 26. Ra5+ Kb6 27. Rca1 Nxd3 28. Nxd4 Rc1+ 29.
Rxc1 Nxc1 30. Rb5+ Ka6 31. Nf4 Rc8 32. Rb1 Rc4 33.
Ra1+ Kb6 34. Rb1+ Ka7 35. Nb5+ Kb8 36. Nxe6 fxe6 37. Nd6 Rc7 38. Ne8 Rc6 39. Nxg7 Nd3 40. h4 Nxe5 41. Re1 Ng4 42. Nxe6 Kc8 43. Nd4 Rf6 44. Re7 f4 45. Kf1 Ne3+ 46. Kf2 Nf5 47. Nxf5 Rxf5 48. Re6 h5 49. Kf3 Kc7 50. Re7+ Kc6 51.
Rg7 b5 52. Rg6+ Kc5 53. Rg8 d4 54. Rc8+ Kd5 55. Rd8+ Kc4 56. Ke4 Rf7 57. Rxd4+ Kc3 58. Rd5 b4 59. Rxh5 b3 60. Rb5 Rh7 61. Kxf4 Rxh4+ 62. g4 b2 63. Kf5 Rh8 64. g5 Rf8+ 65. Kg4 Rf1 66. g6 Rg1+ 67. Kf5 b1=Q+ 68. Rxb1 Rxb1 69.
g7 Rg1 70. Kf6 Kd4 71. Kf7 Ke5 72. g8=Q Rxg8 73. Kxg8 1/2-1/2

[Event "*** Titled Tuesday Blitz"]
[Site "Chess.com"]
[Date "2021.03.09"]
[Round "8"]
[White "vugarrasulov"]
[Black "rquery98"]
[Result "0-1"]
[WhiteElo "2835"]
[BlackElo "2655"]
[TimeControl "180+1"]
[EndTime "11:32:45 PST"]
[Termination "rquery98 won by checkmate"]

1. e4 e5 2. Nf3 Nc6 3. Bb5 a6 4. Bxc6 dxc6 5. O-O Bg4 6. h3 h5 7. d3 Qf6 8. Nbd2 Ne7 9. d4 Ng6 10. Re1 Nf4 11. hxg4 hxg4 12. Nh2 Nxg2 13. Ndf1 Nxe1 14. Qxe1 Bd6 15. Qe2 exd4 16. e5 Qxe5 17. Qxe5+ Bxe5 18. Nxg4 Bd6 19. Ng3 O-O-O 20. Kg2 Bxg3 21. fxg3 d3 22.
cxd3 Rxd3 23. Bf4 Re8 24. Ne5 Rd5 25. Nxf7 Re2+ 26. Kf3 Rxb2 27. Ng5 b6 28. Ne6 Rd7 29. a4 Rb3+ 30. Kg4 c5 31. a5 Kb7 32. Rc1 Rb5 33. axb6 cxb6 34. Nf8 Rf7 35. Ne6 Rd7 36. Nf8 Rf7 37.
Ng6 a5 38. Ne5 Re7 39. Nc4 Rb4 40. Nd6+ Kc6 41. Nf5 Rd7 42. Re1 a4 43. Re6+ Kd5 44. Re5+ Kc4 45. Ne3+ Kb5 46. Nd5 Rd4 47. Nc3+ Kb4 48.
Ne2 Rc4 49. Re6 b5 50. Nc1 Rd1 51. Ne2 a3 52. Ra6 Kb3 53. Kf5 Rxf4+ 54. Nxf4 a2 55. Ne6 a1=Q 56. Nxc5+ Kc4 57. Rxa1 Rxa1 58. Ne6 b4 59. Nxg7 b3 60. Ne6 b2 61. Nd4 b1=Q+ 62. Nc2 Qxc2+ 63. Kf6 Ra6+ 64. Ke5 Qg6 65. g4 Ra5+ 66. Kf4 Qg5+ 67. Ke4 Qd5+ 68. Kf4 Qe5+ 69. Kf3 Ra3+ 70. Kg2 Qb2+ 71. Kf1 Ra1# 0-1

[Event "*** Titled Tuesday Blitz"]
[Site "Chess.com"]
[Date "2021.03.09"]
[Round "8"]
[White "imdvb6307"]
[Black "AlexSuv"]
[Result "1/2-1/2"]
[WhiteElo "2380"]
[BlackElo "2505"]
[TimeControl "180+1"]
[EndTime "11:32:46 PST"]
[Termination "Game drawn - insufficient material"]

1. e4 c5 2. Nf3 e6 3. c4 Nc6 4. Nc3 Nf6 5. Be2 Bd6 6. d4 cxd4 7. Nxd4 Bb4 8. f3 O-O 9. Be3 Ne5 10. Rc1 d5 11. cxd5 exd5 12. O-O Bxc3 13. bxc3 dxe4 14.
Bg5 h6 15. Bh4 g5 16. Bf2 Qe7 17. h4 Ng6 18. hxg5 hxg5 19. Qd2 Nf4 20. Bc4 exf3 21. gxf3 Bh3 22. Rfe1 Qd7 23. Re5 Nh7 24. Be3 Ng6 25.
Rd5 Qe7 26. Re1 Qf6 27. Bxg5 Nxg5 28. Qxg5 Qxg5+ 29. Rxg5 Kg7 30. Nb5 Rae8 31. Rxe8 Rxe8 32. Nd6 Re5 33. Nxf7 Rxg5+ 34. Nxg5 Bd7 35. Bd5 Kf6 36.
Ne4+ Ke5 37. Bxb7 Kf4 38. Kf2 Nh4 39. Nc5 Be8 40. Nd3+ Kf5 41. Kg3 Ng6 42. Be4+ Kf6 43. Bxg6 Kxg6 44. Kf4 Kf6 45. Ke3 Bf7 46. f4 Bxa2 47. Nc5 Bd5 48. Kd4 Bc6 49. Nb3 Kf5 50. Na5 Bb5 51. Ke3 a6 52. c4 Ba4 53. c5 Ke6 54.
Ke4 Bc2+ 55. Kd4 Kf5 56. c6 Kxf4 57. c7 Bf5 58. Kc5 Ke5 59. Kb6 Kd6 60. Nc6 Kd5 61.
Nb4+ Kd6 62. Nxa6 Bc8 63. Ka7 Bxa6 64. Kxa6 Kxc7 1/2-1/2

[Event "*** Titled Tuesday Blitz"]
[Site "Chess.com"]
[Date "2021.03.09"]
[Round "8"]
[White "A-S-00"]
[Black "chessdiamant"]
[Result "0-1"]
[WhiteElo "2378"]
[BlackElo "2302"]
[TimeControl "180+1"]
[EndTime "11:32:48 PST"]
[Termination "chessdiamant won by resignation"]

1. d4 Nf6 2. Nf3 g6 3. g3 Bg7 4. Bg2 O-O 5. O-O d6 6. c4 Nc6 7.
Nc3 e5 8. d5 Nb8 9. e4 a5 10.
h3 Na6 11. Re1 Nc5 12. b3 Nfd7 13. a3 f5 14. Bb2 fxe4 15. Nxe4 Nxe4 16. Rxe4 Nc5 17.
Re1 Bf5 18. g4 Be4 19. b4 axb4 20. axb4 Rxa1 21. Bxa1 Bxf3 22. Bxf3 Na6 23. Bc3 Qh4 24.
Re4 Qxh3 25. Re3 Bh6 26. Rd3 Qh4 27. Be1 Bf4 28. Bg2 e4 29. Rh3 Qg5 30. Bxe4 h5 31.
Bf3 hxg4 32. Bxg4 Be5 33. f3 Rf4 34. Qe2 Kg7 35. Bh4 Rxg4+ 36. fxg4 Qc1+ 37. Kg2 Nxb4 38. Bf2 Nc2 39. Qf1 Qf4 40. Rg3 Nd4 41. Qd3 b5 42. Qe3 Qxe3 43. Rxe3 bxc4 44. Rc3 Ne2 45. Rxc4 Nf4+ 46.
Kf3 Nxd5 47. Ke4 Nf6+ 48. Kf3 c5 49. g5 Nd5 50. Rc1 Kf7 51. Rd1 Ke6 52. Rh1 c4 53. Rh7 Kf5 54. Be1 Kxg5 55. Bd2+ Kf6 56. Rf7+ Kxf7 0-1

[Event "*** Titled Tuesday Blitz"]
[Site "Chess.com"]
[Date "2021.03.09"]
[Round "8"]
[White "Skatchkov_V"]
[Black "K_A_S_T_O_R"]
[Result "1-0"]
[WhiteElo "2639"]
[BlackElo "2790"]
[TimeControl "180+1"]
[EndTime "11:32:51 PST"]
[Termination "Skatchkov_V won on time"]

1. c4 c5 2. Nf3 Nf6 3. Nc3 e6 4.
g3 b6 5. Bg2 Bb7 6. O-O a6 7.
Re1 d6 8. e4 Be7 9. d4 cxd4 10.
Nxd4 Qc7 11. Be3 Nbd7 12. f4 Rc8 13. Rc1 O-O 14. g4 Nc5 15. Bf2 g6 16. f5 e5 17. g5 Nh5 18. f6 exd4 19. fxe7 Qxe7 20. Qxd4 Qxg5 21. Nd5 Bxd5 22. exd5 Rfe8 23. Be3 Qf6 24. b4 Nd7 25. Bh3 Ne5 26. Kh1 Rcd8 27. Rf1 Qe7 28.
Qxb6 Nxc4 29. Rxc4 Qxe3 30. Qxe3 Rxe3 31. Bg4 Ng7 32.
Rc6 Ra3 33. Rf2 Ne8 34. Kg2 Kg7 35. Be2 Rxa2 36. Bxa6 Ra4 37. b5 Rb4 38. b6 Rb8 39. b7 R4xb7 40. Bxb7 Rxb7 41. Re2 Rb8 42. Ra6 Rd8 43.
Ra7 Nf6 44. Ree7 Rf8 45. Ra5 Nh5 46. Rd7 Nf4+ 47. Kf3 Nd3 48. Rxd6 Ne5+ 49. Kg2 Nc4 50. Rda6 Nxa5 51. Rxa5 Rd8 52. Kf3 f5 53. Kf4 Rd6 54. Ke5 Rd8 55. Ra7+ Kf8 56. d6 f4 57. Rxh7 Re8+ 58.
Kxf4 Re2 59. d7 Rd2 60. h4 Rd5 61. Ke4 Rd1 62. Ke5 Rd2 63. Kf6 Rd6+ 64. Ke5 Rd1 65. Kf4 Rd5 66. Kg4 1-0